 Dungeon Crawl Stone Soup version 0.20-a0-303-g575bbf7 (webtiles) character file.

48 Junicave the Digger (level 3, -2/19 HPs)
             Began as a Gargoyle Earth Elementalist on Dec 17, 2016.
             Slain by an orc
             ... wielding a +0 flail
              (6 damage)
             ... on level 2 of the Dungeon.
             The game lasted 00:04:37 (1614 turns).

Junicave the Digger (Gargoyle Earth Elementalist)   Turns: 1614, Time: 00:04:37

Health: -2/19      AC:  6    Str: 11    XL:     3   Next: 72%
Magic:  1/7        EV: 12    Int: 16    God:
Gold:   68         SH:  0    Dex: 10    Spells: 4/8 levels left

rFire  . . .     SeeInvis .     y - +0 flail
rCold  . . .     Gourm    .     c - +0 robe
rNeg   + . .     Faith    .     (no shield)
rPois  ∞         Spirit   .     A - +0 helmet
rElec  +         Reflect  .     (no cloak)
rCorr  .         Harm     .     (no gloves)
MR     .....                    (no boots)
Stlth  ++........               (no amulet)
                                (no ring)
                                (no ring)

@: no status effects
A: negative energy resistance 1, electricity resistance, unbreathing,
petrification resistance, rot immunity, AC +3
a: no special abilities


You were on level 2 of the Dungeon.
You were not hungry.

You visited 1 branch of the dungeon, and saw 4 of its levels.

You collected 68 gold pieces.

Inventory:

Hand Weapons
 m - a +0 short sword
 t - a +1 dagger of electrocution
 y - a +0 flail (weapon)
Missiles
 b - 144 stones (quivered)
Armour
 c - a +0 robe (worn)
 w - a +0 shield
 A - a +0 helmet (worn)
Scrolls
 h - 2 scrolls of recharging {unknown}
 i - 3 scrolls of identify {unknown}
 j - 2 scrolls of amnesia {unknown}
 k - a scroll of enchant weapon {unknown}
 o - 2 scrolls of remove curse {unknown}
 p - a scroll of noise {unknown}
 v - a scroll of teleportation {unknown}
 x - 2 scrolls of magic mapping {unknown}
Potions
 a - a potion of degeneration {unknown}
 f - a potion of invisibility {unknown}
 l - a potion of cure mutation {unknown}
 n - 3 potions of heal wounds {unknown}
 q - 3 potions of flight {unknown}
 r - a potion of cancellation {unknown}
 s - 2 potions of curing {unknown}
Books
 e - a book of Geomancy

   Spells                             Type                      Level
   a - Sandblast                      Earth                        1
   b - Passwall                       Transmutation/Earth          2
   c - Stone Arrow                    Conjuration/Earth            3
   d - Petrify                        Transmutation/Earth          4
   e - Lee's Rapid Deconstruction     Earth                        5
Comestibles
 d - 5 bread rations
 g - 2 meat rations
 u - a royal jelly
 z - 5 chunks of flesh


   Skills:
 - Level 1.5 Dodging
 - Level 2.1 Stealth
 * Level 3.3 Spellcasting
 + Level 0.4 Conjurations
   Level 0.7 Transmutations
 + Level 4.0 Earth Magic


You had 4 spell levels left.
You knew the following spells:

 Your Spells              Type           Power        Failure   Level  Hunger
a - Sandblast             Erth           ###...       4%          1    None
b - Stone Arrow           Conj/Erth      #.....       21%         3    ###....


Dungeon Overview and Level Annotations

Branches:
Dungeon (4/15)
 Temple: D:4-7

Altars:


Innate Abilities, Weirdness & Mutations

You are resistant to torment.
Your stone body is resilient. (AC +3)
You are immune to poison.
You resist negative energy. (rN+)
You are resistant to electric shocks. (rElec)
You can survive without breathing.
You are immune to petrification.
You are immune to rotting.


Message History

A mysterious force pulls you upwards. The hatch slams shut behind you.
Casting: Sandblast
Confirm with . or Enter, or press ? or * to list all spells.
Aiming: Sandblast
Press: ? - help, Shift-Dir - straight line, f - orc
Aim: an orc, wielding a flail and wearing a scale mail The blast of sand hits the orc.
The orc closely misses you.
Casting: Sandblast
Confirm with . or Enter, or press ? or * to list all spells.
Aiming: Sandblast
Press: ? - help, Shift-Dir - straight line, f/p - orc
Aim: an orc, wielding a flail and wearing a scale mail The blast of sand hits the orc.
Casting: Sandblast
Confirm with . or Enter, or press ? or * to list all spells.
Aiming: Sandblast
Press: ? - help, Shift-Dir - straight line, f/p - orc
Aim: an orc, wielding a flail and wearing a scale mail The blast of sand hits the orc.
The orc hits you with a flail.
You die...

####.#.# #....#.# ###########
#.####.# #.........# #.# .#
#.#######.# #.# #.# #.# #.# #.#
##.## #.#######.#####
######.###...######.##...........
...........#....o##.##.####.#####
##########......@......# #.#
##.####.##.#######.# #.#
#.##.........## #.#
#.#########...## #.####.###
##.....## #####.##.....#
#.......##
#.....##.###.#####.........
#.####...# #.....#..<....## #.#
#.#.###.###.##.....##


You could see an orc.

Vanquished Creatures
  An adder (D:2)
  A dart slug (D:1)
  4 orcs (D:3)
  5 bats
  A giant cockroach (D:2)
  5 goblins (D:1)
  2 hobgoblins
  A jackal (D:1)
  7 kobolds
  A quokka (D:1)
  A frilled lizard (D:3)
  3 rats
32 creatures vanquished.

Notes
Turn   | Place    | Note
-------+----------+-------------------------------------------
     0 | D:1      | Junicave the Gargoyle Earth Elementalist began the quest for the Orb.
     0 | D:1      | Reached XP level 1. HP: 10/10 MP: 3/3
   194 | D:1      | Reached XP level 2. HP: 15/15 MP: 5/5
   952 | D:2      | Reached XP level 3. HP: 14/19 MP: 0/7
   957 | D:2      | Learned a level 3 spell: Stone Arrow
  1376 | D:2      | Reached skill level 4 in Earth Magic
  1385 | D:2      | You fall through a shaft for 2 floors!
  1614 | D:2      | Slain by an orc

Vault maps used:
D:1:      doesnt_arrival_goblin_jail, st_stairs_1
D:2:      first_bread
D:3:      hangedman_decor_slide_cut, uniq_robin, uniq_grinder
D:4:      chequers_temple_overflow_statue_of_worship

Skill      XL: |  1  2  3 |
---------------+----------+-----
Spellcasting   | 3 |  3.3
Earth Magic    | 4 |  4.0
Dodging        | |  1.5
Stealth        | |  2.1
Conjurations   | |  0.4
Transmutations | |  0.7

Action                   || total
-------------------------++-------
Melee: Short sword       ||    33
       Unarmed           ||     2
       Flail             ||    10
       Dagger            ||     9
 Cast: Sandblast         ||    44
 Stab: Sleeping          ||     4
  Eat: Chunk             ||     2
Armor: Robe              ||    37
Dodge: Dodged            ||    61
